 Dungeon Crawl Stone Soup version 0.30-a0-219-gf2db51d15e (webtiles) character file.

Game seed: 1583967462278625413

210 lunkers the Chopper (level 6, -3/51 HPs)
             Began as a Meteoran Berserker on Oct 6, 2022.
             Was a Believer of Trog.
             Slain by an ogre
             ... wielding a +0 giant spiked club
              (16 damage)
             ... on level 4 of the Dungeon.
             The game lasted 00:02:30 (860 turns).

lunkers the Chopper (Meteoran Berserker)             Turns: 860, Time: 00:02:31

Health: -3/51      AC: 11    Str: 20    XL:     6   Next: 35%
Magic:  7/7        EV:  6    Int:  8    God:    Trog [**....]
Gold:   106        SH:  0    Dex: 15    Spells: 5/5 levels left

rFire   . . .      SeeInvis .    a - +0 hand axe
rCold   . . .      Faith    .    (no shield)
rNeg    . . .      Spirit   .    d - +0 plate armour
rPois   .          Reflect  .    (no helmet)
rElec   .          Harm     .    (no cloak)
rCorr   .          Rampage  .    (no gloves)
Will    .....                    (no boots)
Stlth   ..........               (no amulet)
HPRegen 0.28/turn                (no ring)
MPRegen 0.10/turn                (no ring)

@: on berserk cooldown, slowed, glowing, very slow
A: sense surroundings 1, otherworldly, glowing, explore regen
a: Renounce Religion, Berserk, Trog's Hand


You were on level 4 of the Dungeon.
You worshipped Trog.
Trog was pleased with you.
You visited 1 branch of the dungeon, and saw 4 of its levels.

You collected 106 gold pieces.

Inventory:

Hand Weapons
 a - a +0 hand axe (weapon)
Armour
 b - a +0 animal skin
 d - a +0 plate armour (worn)
Wands
 m - a wand of digging (2)
Scrolls
 e - a scroll of enchant weapon {unknown}
 f - a scroll of fear {unknown}
 h - a scroll of immolation {unknown}
 i - 2 scrolls of magic mapping {unknown}
 j - 5 scrolls of identify {unknown}
 k - a scroll of poison {unknown}
Potions
 c - a potion of curing {unknown}
 g - 2 potions of invisibility {unknown}
 l - a potion of heal wounds {unknown}


   Skills:
 - Level 3.2 Fighting
 * Level 7.7 Axes
 - Level 2.4 Armour
 - Level 2.4 Dodging


You had 5 spell levels left.
You didn't know any spells.
Your spell library was empty.

Dungeon Overview and Level Annotations

Branches:
Dungeon (4/15) Zot: 1520
 Temple: D:4-7

Altars:
Makhleb


Innate Abilities, Weirdness & Mutations

You passively map a small area around you.
You are easily found by Zot.
You glow in the dark.
You regain HP and MP as you explore.


Message History

Trog accepts your kill.
The jackal bites you but does no damage.
You hit the jackal but do no damage.
The jackal is heavily wounded.
The jackal barely misses you.
The jackal bites you but does no damage.
You hit the jackal but do no damage.
The jackal is heavily wounded.
The jackal bites you but does no damage.
The jackal bites you.
You hit the jackal but do no damage.
The jackal is heavily wounded.
The jackal completely misses you. The jackal bites you.
You hit the jackal.
You kill the jackal!
Trog accepts your kill.
The ogre hits you with a +0 giant spiked club!
Okay, then.
Okay, then.
You hit the ogre.
The ogre is lightly wounded.
The ogre barely misses you.
You hit the ogre but do no damage. You punch the ogre.
The ogre is moderately wounded.
The ogre hits you with a +0 giant spiked club!
* * * LOW HITPOINT WARNING * * *
You barely miss the ogre.
The ogre is moderately wounded.
The ogre hits you with a +0 giant spiked club!
* * * LOW HITPOINT WARNING * * *
You hit the ogre.
The ogre is heavily wounded.
The ogre hits you with a +0 giant spiked club.
* * * LOW HITPOINT WARNING * * *
You hit the ogre.
The ogre is heavily wounded.
You hit the ogre.
The ogre is severely wounded.
The ogre hits you with a +0 giant spiked club!
You die...

*#.....†#.###.#......#
*
*#.....###....)......#
*##.###.#......#......
*,
*##.....#..<..#...:.#
* ,
,#......#......#,###.
, #.....#.....## , ,
#........###.# ,
#......##.....# *
##@###.#......# *
##O[...#.....#,,,
#.g†...#......* ,*
##.....#.....#
#......#,###$ * ,
*#.....## ,, ,
.#.###..,* . #., ... ,
, . *# .. ,


You could see an ogre and a hobgoblin.

Vanquished Creatures
  A scorpion (D:4)
  An iguana (D:4)
  Ijyb (D:4)
  2 orc wizards (D:3)
  An adder (D:2)
  A dart slug (D:2)
  3 orcs (D:3)
  2 endoplasms (D:4)
  2 giant cockroaches
  7 goblins
  3 hobgoblins
  4 jackals (D:4)
  A bat (D:2)
  4 frilled lizards
  4 kobolds
  4 rats
41 creatures vanquished.

Vanquished Creatures (others)
  A plant (D:1)
1 creature vanquished.

Grand Total: 42 creatures vanquished

Notes
Turn   | Place    | Note
-------+----------+-------------------------------------------
     0 | D:1      | lunkers the Meteoran Berserker began the quest for the Orb.
     0 | D:1      | Reached XP level 1. HP: 19/19 MP: 2/2
    46 | D:1      | Reached skill level 4 in Axes
    46 | D:1      | Reached XP level 2. HP: 21/26 MP: 3/3
   444 | D:2      | Reached XP level 3. HP: 30/31 MP: 4/4
   471 | D:2      | Found a burning altar of Makhleb.
   484 | D:2      | Reached ** piety under Trog
   485 | D:2      | Reached skill level 5 in Axes
   585 | D:3      | Reached XP level 4. HP: 23/38 MP: 5/5
   586 | D:3      | Reached skill level 6 in Axes
   586 | D:3      | Reached XP level 5. HP: 27/45 MP: 6/6
   815 | D:4      | Reached skill level 7 in Axes
   815 | D:4      | Reached XP level 6. HP: 46/51 MP: 7/7
   818 | D:4      | Noticed Ijyb
   828 | D:4      | Killed Ijyb
   843 | D:4      | Noticed an ogre
   860 | D:4      | Slain by an ogre

Illustrated notes

Levels and vault maps discovered:
D:1:      eino_arrival_water_cross, layout_basic,
          hellmonk_ecumenical_altar_defaced_shrine,
          chequers_serial_rivers_micro_b
D:2:      layout_basic, basic_altar
D:3:      layout_rooms
D:4:      nicolae_BIG_FREAKIN_CUBE, layout_loops_ring, uniq_ijyb

Skill      XL: |  1  2  3  4  5 |
---------------+----------------+-----
Axes           | 4 5 6 7 |  7.7
Fighting       | |  3.2
Armour         | |  2.4
Dodging        | |  2.4

Action                   |  1- 3 |  4- 6 || total
-------------------------+-------+-------++-------
Melee: Hand axe          |    67 |    64 ||   131
       Punch             |       |     1 ||     1
Invok: Berserk           |     1 |     1 ||     2
Armor: Animal skin       |     3 |       ||     3
       Plate armour      |    42 |    38 ||    80
Dodge: Dodged            |    22 |    16 ||    38

Table legend: (Time is in decaauts)
 A = Elapsed time spent in this place.
 B = Non-inter-level travel time spent in this place.
 C = Inter-level travel time spent in this place.
 D = Time resting spent in this place.
 E = Time spent auto-exploring this place.
 F = Levels seen in this place.
 G = Mean time per level.
                   A        B        C        D        E       F      G
               +--------+--------+--------+--------+--------+-----+--------+
         Total |    878 |    843 |     35 |      0 |    470 |   4 |  219.5 |
       Dungeon |    878 |    843 |     35 |      0 |    470 |   4 |  219.5 |
               +--------+--------+--------+--------+--------+-----+--------+

Top non-repeatable levels by time:
     D:1: 423 daAuts
     D:3: 211 daAuts
     D:4: 144 daAuts
     D:2: 99 daAuts
